 Dungeon Crawl Stone Soup version 0.21-a0-529-g8c7b3f5 (webtiles) character file.

214 slep the Skirmisher (level 5, -5/42 HPs)
             Began as a Demonspawn Fighter on Dec 10, 2017.
             Killed from afar by an orc wizard (9 damage)
             ... with a puff of flame
             ... on level 4 of the Dungeon.
             The game lasted 00:06:12 (2060 turns).

slep the Skirmisher (Demonspawn Fighter)            Turns: 2060, Time: 00:06:13

Health: -5/42      AC:  9    Str: 17    XL:     5   Next: 60%
Magic:  5/5        EV:  5    Int:  9    God:
Gold:   138        SH:  9    Dex: 13    Spells: 4/4 levels left

rFire    . . .     SeeInvis .   a - +0 war axe
rCold    . . .     Gourm    .   c - +0 shield
rNeg     . . .     Faith    .   e - -1 chain mail (curse)
rPois    .         Spirit   .   l - +0 helmet
rElec    .         Reflect  .   (no cloak)
rCorr    .         Harm     +   (no gloves)
MR       .....                  (no boots)
Stlth    ..........             h - amulet of harm
HPRegen  0.14/turn              (no ring)
MPRegen  0.09/turn              (no ring)

@: no status effects
A: rot immunity, sturdy frame 1
a: no special abilities


You were on level 4 of the Dungeon.
You were hungry.

You visited 1 branch of the dungeon, and saw 4 of its levels.

You collected 138 gold pieces.

Inventory:

Hand Weapons
 a - a +0 war axe (weapon)
 v - a +3 flail of crushing
Missiles
 x - 11 javelins (quivered)
Armour
 b - a +0 scale mail
 c - a +0 shield (worn)
 e - a cursed -1 chain mail (worn)
 l - a +0 helmet (worn)
 m - a +0 robe of the Archmagi
 t - a cursed +0 robe
Jewellery
 h - an amulet of harm (around neck)
Wands
 u - a wand of paralysis (7)
Scrolls
 k - 3 scrolls of identify {unknown}
 o - a scroll of fog {unknown}
 q - 2 scrolls of teleportation {unknown}
 r - a scroll of blinking {unknown}
 s - 2 scrolls of remove curse {unknown}
 w - a scroll of random uselessness {unknown}
Potions
 d - a potion of might
 g - 3 potions of curing {unknown}
 i - a potion of cancellation {unknown}
 p - a potion of brilliance {unknown}
Comestibles
 f - 7 bread rations
 j - 3 meat rations
 n - 4 fruits
 z - a royal jelly


   Skills:
 + Level 4.0 Fighting
 + Level 3.2 Axes
 + Level 3.4 Armour
 + Level 0.2 Dodging
 + Level 0.1 Stealth
 + Level 3.7 Shields


You had 4 spell levels left.
You didn't know any spells.

Dungeon Overview and Level Annotations

Branches:
Dungeon (4/15)
 Temple: D:4-7

Altars:
Xom


Innate Abilities, Weirdness & Mutations

You are immune to rotting.
Your movements are slightly less encumbered by armour. (ER -2)


Message History

You barely miss the orc. You barely miss the hound. You slash the iguana!
You kill the iguana!
The hound bites you but does no damage. The orc barely misses you.
You block the hound's attack.
You slash the orc!
You kill the orc!
Your shield and chain mail prevent you from hitting the hound.
The hound bites you but does no damage. The hound bites you.
* * * LOW HITPOINT WARNING * * *
The orc wizard barely misses you.
You hit the orc wizard.
The orc wizard is heavily wounded.
You barely miss the hound. The hound bites you but does no damage.
The orc wizard hits you with a dagger.
* * * LOW HITPOINT WARNING * * *
The hound bites you.
* * * LOW HITPOINT WARNING * * *
The orc wizard casts a spell at you. The puff of flame hits you!
You die...

##.....# #.. ###
#####......###...
###..####................
.........................
.........................
........................#
##......................#
##......h.)............#
#.......)@o....>...<...#
#............###.......#
#...####....## ##......#
#..# ##..## #....## ..#
#..# #...# #..# ..<# #..#
... #..#


You could see a hound and an orc wizard.

Vanquished Creatures
  An orc priest (D:3)
  2 iguanas
  Jessica (D:2)
  Terence (D:3)
  2 adders
  An ooze (D:1)
  2 dart slugs
  4 leopard geckos
  4 orcs
  4 bats
  5 giant cockroaches
  2 goblins
  4 hobgoblins
  A quokka (D:3)
  4 ball pythons
  2 frilled lizards (D:3)
  8 kobolds
  4 rats
52 creatures vanquished.

Notes
Turn   | Place    | Note
-------+----------+-------------------------------------------
     0 | D:1      | slep the Demonspawn Fighter began the quest for the Orb.
     0 | D:1      | Reached XP level 1. HP: 18/18 MP: 1/1
   363 | D:1      | Gained mutation: You are immune to rotting. [demonic ancestry]
   363 | D:1      | Reached XP level 2. HP: 24/24 MP: 2/2
   932 | D:2      | Noticed Jessica
   940 | D:2      | Killed Jessica
   940 | D:2      | Gained mutation: Your movements are slightly less encumbered by armour. (ER -2) [demonic ancestry]
   940 | D:2      | Reached XP level 3. HP: 25/29 MP: 3/3
  1058 | D:2      | Reached XP level 4. HP: 35/35 MP: 4/4
  1515 | D:3      | Noticed Terence
  1525 | D:3      | Killed Terence
  1890 | D:3      | Found a shimmering altar of Xom.
  1890 | D:3      | Found a shimmering altar of Xom.
  1891 | D:3      | Found a shimmering altar of Xom.
  1891 | D:3      | Found a shimmering altar of Xom.
  1891 | D:3      | Found a shimmering altar of Xom.
  1941 | D:3      | You fall through a shaft!
  1975 | D:3      | Reached XP level 5. HP: 31/42 MP: 5/5
  1992 | D:3      | Reached skill level 4 in Fighting
  2060 | D:4      | Killed from afar by an orc wizard

Vault maps used:
D:1:      dpeg_arrival_houses_and_road
D:2:      first_bread, uniq_jessica
D:3:      minmay_misc_feat_plants, xom_redecorated, uniq_terence
D:4:      minmay_temple_entry_nine_rooms

Skill      XL: |  1  2  3  4  5 |
---------------+----------------+-----
Shields        | 3 |  3.7
Armour         | 3 |  3.4
Axes           | 2 3 |  3.2
Fighting       | 4 |  4.0
Dodging        | |  0.2
Stealth        | |  0.1

Action                   |  1- 3 |  4- 6 || total
-------------------------+-------+-------++-------
Melee: War axe           |    82 |    80 ||   162
  Eat: Chunk             |       |     3 ||     3
Armor: Chain mail        |    45 |    51 ||    96
       Scale mail        |     1 |       ||     1
Dodge: Dodged            |     7 |    19 ||    26
Block: Shield            |    47 |    54 ||   101

Table legend:
 A = Spawn XP
 B = Non-spawn XP
 C = Spawn XP percentage of total XP
 D = Spawn monster count
 E = Non-spawn monster count
 F = Spawn count percentage of total count
 G = Total turns spent on level
                    A         B        C        D         E        F      G
               +---------+---------+-------+---------+---------+-------+---------
         Total |       0 |     307 |   0.0 |       0 |      52 |   0.0 |  2060
               +---------+---------+-------+---------+---------+-------+---------
           D:1 |       0 |      33 |   0.0 |       0 |      15 |   0.0 |   931
           D:2 |       0 |      70 |   0.0 |       0 |      14 |   0.0 |   353
           D:3 |       0 |     159 |   0.0 |       0 |      19 |   0.0 |   737
           D:4 |       0 |      45 |   0.0 |       0 |       4 |   0.0 |    39
               +---------+---------+-------+---------+---------+-------+---------
